Map: The Vermillion Problem

Players

HOTKOT

  • Race: Terran Terran
  • Spawn Location: 11:00

NamroodTuo

  • Race: Terran Terran
  • Spawn Location: 11:00

VOD

Have the link to the VOD?

Description

Time

  • Played on: Feb. 6, 2023, 3:38 a.m.
  • Length: 16:24
Show
View Real Time Build Order
Export as new Build Order

HOTKOT Terran 

Build Orders:  

Get SALT Encoding   

  12  0:31  SCV  
  13  0:48  SCV  
  14  0:50  Supply Depot  
  14  1:05  SCV, Refinery  
  15  1:11  Refinery  
  15  1:22  SCV  
  16  1:30  Barracks  
  16  1:39  SCV  
  17  1:50  Engineering Bay  
  17  2:17  Barracks Tech Lab  
  17  2:20  Supply Depot  
  17  2:35  Supply Depot  
  17  2:43  Marine  
  18  2:53  Marauder  
  20  3:06  Firebat  
  22  3:31  Unknown  
  22  3:41  Marine  
  23  3:52  Marauder  
  25  4:05  Firebat  
  27  4:13  Bunker  
  27  4:17  Marine  
  27  4:27  Medic  
  28  4:37  Medic  
  30  4:47  Medic  
  32  4:57  Medic  
  36  5:21  Stabilizer Medpacks  
  36  5:24  Bunker  
  36  5:30  Marine  
  37  5:40  Marine  
  38  7:05  Terran Infantry Weapons Level 1  
  38  7:15  Supply Depot  
  38  7:16  Marauder  
  40  7:29  Marauder  
  40  7:31  Concussive Shells  
  40  7:34  Missile Turret  
  42  7:41  Firebat  
  44  8:33  Firebat  
  46  9:37  Supply Depot  
  46  9:38  Firebat  
  46  9:41  Supply Depot  
  46  9:45  Terran Infantry Armor Level 1  
  46  9:46  Orbital Command  
  48  9:50  Medic  
  50  10:00  Medic  
  52  10:11  Marauder  
  54  10:22  Factory  
  54  10:27  Incinerator Gauntlets  
  54  11:27  Juggernaut Plating  
  54  11:35  Neosteel Frame  
  54  12:38  Factory Tech Lab  
  54  13:25  Structure Armor  
  54  13:48  Command Center  
  54  14:28  Vulture  
  54  14:32  Marine  
  54  14:38  Vulture  
  57  14:43  Marauder  
  57  14:48  Vulture  
  61  14:51  Missile Turret  
  61  14:55  Firebat  
  63  15:09  Medic  
  62  15:13  Supply Depot  
  62  15:14  Siege Tank  
  62  15:19  Medic  
  65  15:21  Supply Depot  
  67  15:34  Siege Tank  
Show
View Real Time Build Order
Export as new Build Order

NamroodTuo Terran 

Build Orders:  

Get SALT Encoding   

  12  0:04  SCV  
  13  0:18  SCV  
  14  0:31  SCV  
  14  0:38  Supply Depot  
  15  0:50  SCV  
  16  1:03  SCV  
  17  1:18  Factory  
  17  1:23  SCV  
  18  1:36  SCV  
  19  1:50  SCV  
  19  1:51  Supply Depot  
  20  2:03  SCV  
  21  2:11  Supply Depot  
  21  2:17  SCV  
  22  2:31  SCV  
  23  2:44  SCV, Perdition Turret  
  24  2:58  SCV  
  25  3:04  Perdition Turret  
  25  3:11  SCV  
  25  3:14  Devastation Turret  
  26  3:20  Refinery  
  26  3:25  SCV, Refinery  
  27  3:38  SCV  
  28  3:43  Supply Depot  
  28  3:47  Devastation Turret  
  28  3:52  SCV  
  29  4:02  Devastation Turret  
  29  4:06  SCV  
  29  4:07  Perdition Turret  
  29  4:08  Perdition Turret  
  30  4:28  Supply Depot  
  30  4:29  Factory Tech Reactor  
  30  4:31  Supply Depot  
  30  4:37  Armory, SCV  
  31  4:50  Engineering Bay  
  31  4:51  SCV  
  32  5:05  SCV  
  33  5:18  SCV  
  34  5:45  Spinning Dizzy  
  34  5:55  Starport  
  34  6:02  Starport  
  34  6:34  Upgrade Laser Drill Level 1  
  34  6:57  Starport  
  34  7:38  Starport Tech Reactor x2  
  34  7:40  Starport Tech Reactor  
  34  7:53  Spinning Dizzy  
  34  7:58  Spinning Dizzy  
  34  8:09  Spinning Dizzy  
  34  8:10  Pulse Amplifier  
  34  8:14  Displacement Field  
  34  8:19  Improved Nano-Repair  
  34  9:06  Science Vessel  
  36  9:10  Defensive Matrix  
  36  9:20  Wraith  
  36  9:24  Wraith  
  40  11:01  Upgrade Laser Drill Level 2  
  40  11:05  Science Vessel  
  40  11:06  Wraith  
  40  11:08  Wraith  
  46  11:49  Advanced Optics  
  46  12:46  Command Center  
  46  13:02  Science Vessel  
  46  13:03  Wraith  
  46  13:04  Wraith x2  
  46  13:05  Wraith  
  56  13:49  Regenerative Bio-Steel  
  56  14:15  Refinery  
  56  14:16  SCV  
  56  14:17  Refinery  
  57  14:29  SCV  
  58  14:41  Perdition Turret  
  58  14:43  SCV  
  59  14:56  SCV, Devastation Turret  
  60  15:09  Devastation Turret  
  60  15:10  SCV  
  61  15:20  Spinning Dizzy  
  61  15:31  Spinning Dizzy  
  45  16:18  Perdition Turret x2  
Tags
 
Add a new tag
Caveats
  • Supply blocks, unpowered buildings, or Contaminate may cause inaccurate times.
  • Supply counts are checked every 10 seconds.